 Dungeon Crawl Stone Soup version 0.21.1-1-g345015f (webtiles) character file.

29213 Monsterracer the Martial Artist (level 13, -2/80 HPs)
             Began as an Octopode Monk on Feb 18, 2018.
             Was a High Priest of Hepliaklqana.
             Slain by a crocodile (19 damage)
             ... while paralysed
             ... on level 6 of the Lair of Beasts.
             The game lasted 00:38:34 (19299 turns).

Monsterracer the Martial Artist (Octopode Monk)    Turns: 19299, Time: 00:38:35

Health: -2/80      AC:  1    Str: 19    XL:     13   Next: 43%
Magic:  20/20      EV:  2    Int: 12    God:    Hepliaklqana [*****.]
Gold:   890        SH:  0    Dex: 23    Spells: 2/12 levels left

rFire    + . .     SeeInvis .     - Unarmed
rCold    . . .     Gourm    .   H - +0 shield
rNeg     . . .     Faith    .   (helmet restricted)
rPois    +         Spirit   .   I - amulet of magic regeneration
rElec    .         Reflect  .   s - +3 ring of strength
rCorr    .         Harm     .   u - ring of Eternal Night {rF+ Str+5 Int-4 Dex+8}
MR       .....                  A - +5 ring of slaying
Stlth    ++++++....             r - ring of poison resistance {!d}
HPRegen  0.23/turn              (no ring)
MPRegen  0.42/turn              (no ring)
                                (no ring)
                                (no ring)

@: paralysed, berserk cooldown, slowed
A: almost no armour, stealthy swim, amphibious, 8 rings, constrict 8, reduced
essence, camouflage 1, gelatinous body 1
a: Recall Ancestor, Ancestor Identity, Transference, Idealise, Renounce Religion


You were on level 6 of the Lair of Beasts.
You worshipped Hepliaklqana.
Hepliaklqana was extremely pleased with you.
You were not hungry.

You visited 3 branches of the dungeon, and saw 18 of its levels.

You collected 1044 gold pieces.
You spent 154 gold pieces at shops.

Inventory:

Hand Weapons
 b - a +1 blowgun
Missiles
 o - 7 needles of frenzy
 t - 14 tomahawks (quivered)
 w - 2 javelins
 F - 11 curare-tipped needles
 N - 6 poisoned needles
Armour
 p - a +0 buckler
 H - a +0 shield (worn)
Jewellery
 n - an uncursed ring of ice
 r - a ring of poison resistance (on tentacle) {!d}
 s - a +3 ring of strength (left tentacle)
 u - the ring of Eternal Night (right tentacle) {rF+ Str+5 Int-4 Dex+8}
   (You took it off an orc on level 7 of the Dungeon)

   [ring of strength]

   It affects your strength (+5).
   It affects your intelligence (-4).
   It affects your dexterity (+8).
   It protects you from fire.
 A - a +5 ring of slaying (on tentacle)
 I - an amulet of magic regeneration (around mantle)
Wands
 m - a wand of flame (60)
 x - a wand of clouds (2)
 y - a wand of iceblast (26)
 B - a wand of disintegration (12)
 C - a wand of paralysis (13)
 G - a wand of acid (10)
Scrolls
 g - 3 scrolls of fog
 h - 4 scrolls of amnesia
 k - 4 scrolls of enchant armour
 v - 5 scrolls of remove curse
 E - 6 scrolls of identify
 K - a scroll of holy word
 L - 2 scrolls of magic mapping {!r}
Potions
 a - 3 potions of heal wounds
 d - 2 potions of ambrosia {!q}
 e - 2 potions of berserk rage {!q}
 f - 5 potions of brilliance
 i - 8 potions of curing
 j - 4 potions of might
 l - 2 potions of lignification
 q - 3 potions of flight
 z - 3 potions of magic
 D - a potion of cancellation
 O - 4 potions of haste
Miscellaneous
 M - a sack of spiders
Comestibles
 c - 27 rations
 P - 4 chunks of flesh


   Skills:
 + Level 8.7 Fighting
 * Level 2.7 Throwing
 + Level 8.6 Dodging
 - Level 10.1 Stealth
 * Level 6.0 Shields
 * Level 12.6 Unarmed Combat
 - Level 5.0 Transmutations
 - Level 10.0 Invocations
 - Level 5.4 Evocations


You had 2 spell levels left.
You knew the following spells:

 Your Spells              Type           Power        Failure   Level  Hunger
a - Ice Form              Ice/Tmut       #.......     98%         4    #####..
y - Deflect Missiles      Chrm/Air       #.........   100%        6    #######


Dungeon Overview and Level Annotations

Branches:
Dungeon (11/15)            Temple (0/1) D:4            Lair (6/6) D:10
  Swamp (1/4) Lair:2       Spider (0/4) Lair:2        Slime (0/5) Lair:5
    Orc (0/2) D:9

Altars:
Ashenzari
Dithmenos
Elyvilon
Fedhas
Gozag
Hepliaklqana
Makhleb
Nemelex Xobeh
Okawaru
Sif Muna
Uskayaw
Yredelemnul

Shops:
D:4 !

Annotations:
D:2 exclusion: oklob plant
D:9 2 exclusions
Lair:6 exclusion: 3 oklob plants


Innate Abilities, Weirdness & Mutations

You cannot wear most types of armour.
You are very stealthy in the water. (Stealth+)
You are amphibious.
You can wear up to eight rings at the same time.
You can use your tentacles to constrict eight enemies at once.
Your skin changes colour to match your surroundings (Stealth+).
Your rubbery body absorbs attacks. (AC +1, EV +1)
Your life essence is reduced to manifest your ancestor. (-10% HP)


Message History

The spriggan hits you with a dagger!
You take 11 damage, and have 58/80 hp.
As you read the scroll of teleportation, it crumbles to dust.
You feel strangely unstable. You block the spriggan rider's attack.
The spriggan misses you.
You miss the spriggan rider. You grab the spriggan rider.
The spriggan rider is heavily wounded.
You constrict the spriggan rider. You block the spriggan's attack.
The spriggan rider struggles to escape constriction.
You block the spriggan rider's attack.
You bludgeon the spriggan rider! You squeeze the spriggan rider.
The spriggan rider is severely wounded.
You constrict the spriggan rider. You block the spriggan's attack.
The spriggan barely misses you. You block the spriggan's attack.
The spriggan rider hits you with a spear!!
* * * LOW HITPOINT WARNING * * *
You take 23 damage, and have 35/80 hp.
MASSIVE DAMAGE!!
You barely miss the spriggan. Your grab misses the spriggan.
You kill the hornet!
The spriggan falls from its now dead mount.
You constrict the spriggan. You block the spriggan's attack.
The spriggan hits you with a short sword!
* * * LOW HITPOINT WARNING * * *
You block the spriggan's attack.
You take 8 damage, and have 27/80 hp.
You bludgeon the spriggan! Your grab misses the spriggan.
Your squeeze misses the spriggan.
The spriggan is severely wounded.
You constrict the spriggan. You block the spriggan's attack.
The spriggan hits you with a dagger!
* * * LOW HITPOINT WARNING * * *
The spriggan hits you with a short sword!
* * * LOW HITPOINT WARNING * * *
The spriggan closely misses you.
You take 23 damage, and have 4/80 hp.
MASSIVE DAMAGE!!
You bludgeon the spriggan!
You kill the spriggan!
Your surroundings suddenly seem different.
A wolf comes into view.
A crocodile comes into view.
The wolf howls!
The black mamba hisses angrily.
You block the wolf's attack.
A spiny frog comes into view.
You feel much better. The wolf bites you!
* * * LOW HITPOINT WARNING * * *
You regained 10 hp, and now have 15/80 hp.
Okay, then.
Really quaff
e - 3 potions of berserk rage {!q}?
A red film seems to cover your vision as you go berserk!
You feel yourself moving faster!
You feel mighty!
The spiny frog croaks.
The wolf misses you. You block the black mamba's attack.
The black mamba completely misses you. The wolf barely misses you.
You now have 22/120 hp.
Unknown command.
You completely miss the black mamba. Your grab misses the black mamba.
Your tentacle-slap misses the black mamba.
You squeeze the black mamba!
The black mamba is moderately wounded.
You block the black mamba's attack. The wolf misses you.
You tentacle-slap the black mamba. Your grab misses the black mamba.
You kill the black mamba!
Your Shields skill increases to level 6!
You block the wolf's attack.
You closely miss the wolf. Your grab misses the wolf.
You tentacle-slap the wolf!
The wolf is moderately wounded.
You block the wolf's attack.
You closely miss the wolf. You grab the wolf. You squeeze the wolf!
The wolf is almost dead.
You constrict the wolf.
You kill the wolf!
You bludgeon the crocodile!
The crocodile is heavily wounded.
The crocodile barely misses you.
You bludgeon the spiny frog! You grab the spiny frog.
The spiny frog is moderately wounded.
You constrict the spiny frog. You batter the spiny frog!!
You kill the spiny frog!
The crocodile misses you.
A wolf comes into view.
The wolf howls!
You batter the crocodile!!
You kill the crocodile!
A crocodile comes into view.
You see here a spiny frog corpse.
You feel a strong urge to attack something.
You block the wolf's attack.
Found a stone staircase leading up.
You bludgeon the wolf! You grab the wolf.
The wolf is almost dead.
You constrict the wolf. You block the wolf's attack.
You bludgeon the wolf!
You kill the wolf!
You are no longer berserk.
You pass out from exhaustion.
You feel yourself slow down. The crocodile bites you!!
You die...

≈≈≈ ..<.....≈≈ ≈≈≈≈
........≈≈ ≈≈≈≈ ##.......≈≈
≈≈≈≈ ........♣ ♣♣.♣.
##.......♣♣ ♣. ♣♣
#.........♣ .♣ ♣
##.......♣♣ ♣♣.♣
#P.@.....[♣♣♣.P♣
♣#####...t.........♣
♣♣#.#..†P............♣♣♣♣♣♣
♣....†.†............♣♣♣....
♣♣.#.†##.##..........♣#..#.
♣....####............###.##
♣..♣♣♣#
#..P..........###### ♣.♣
.#.............##.## ♣♣♣S
#.#.........[..#....


You could see a crocodile.

Vanquished Creatures
  2 hydras (Lair:2)
  2 two-headed ogres (D:10)
  Sonja (Lair:3)
  2 elephants (Lair:6)
  3 black mambas
  8 spiny frogs
  3 komodo dragons
  A kobold demonologist (D:10)
  A troll (D:7)
  2 polar bears
  A hornet (Lair:6)
  4 hippogriffs
  14 blink frogs
  2 spriggans (Lair:6)
  A wyvern (Lair:2)
  8 yaks
  5 vampire mosquitoes
  4 wargs (D:9)
  Menkaure (D:6)
  A soldier ant (D:10)
  2 water moccasins
  Duvessa (D:4)
  4 porcupines
  A sky beast (D:10)
  2 black bears
  An orc warrior (D:10)
  An ice beast (D:8)
  2 ogres
  A centaur (D:10)
  10 wolves
  9 crocodiles
  A big kobold (D:10)
  Blork the orc (D:6)
  12 bullfrogs
  Dowan (D:4)
  4 scorpions
  3 wights (D:8)
  6 killer bees
  2 howler monkeys
  2 crimson imps
  2 bullfrog zombies (D:8)
  7 jellies
  3 hounds
  6 orc priests
  5 orc wizards
  2 bullfrog skeletons
  3 worker ants
  3 iguanas (D:9)
  A howler monkey zombie (D:6)
  A worker ant zombie (D:7)
  2 gnolls (D:3)
  10 adders
  A shadow imp (D:10)
  An ooze (D:7)
  An adder zombie (D:8)
  A worm (D:4)
  A dart slug (D:3)
  3 leopard geckos
  28 orcs
  8 bats
  4 giant cockroaches
  7 hobgoblins
  17 jackals
  5 quokkas
  8 frilled lizards
  9 goblins
  A jackal skeleton (D:6)
  12 kobolds
  A leopard gecko skeleton (D:6)
  6 rats
  A plant (Lair:6)
292 creatures vanquished.

Vanquished Creatures (collateral kills)
  Snorg (Lair:4)
  A hydra (Lair:4)
  A death yak (D:10)
  A two-headed ogre (D:8)
  The ghost of execc the Spear-Bearer, a novice OpBe of Trog (D:10)
  A centaur zombie (D:10)
  An elephant (Lair:6)
  2 komodo dragons
  A hornet (D:10)
  A blink frog (Lair:6)
  A hippogriff (Lair:3)
  A spriggan (D:7)
  2 yaks
  A vampire mosquito (Lair:2)
  An acid dragon (D:10)
  3 water moccasins
  A porcupine (Lair:1)
  2 ice beasts
  A sky beast (D:6)
  4 ogres
  2 black bears (Lair:6)
  3 wolves
  2 centaurs
  A crocodile (Lair:5)
  A big kobold (D:10)
  A bullfrog (D:7)
  3 scorpions
  8 killer bees (D:8)
  A wight (D:8)
  A bullfrog zombie (D:6)
  2 hounds (D:7)
  2 jellies
  An orc wizard (D:6)
  A worker ant (D:5)
  A hound skeleton (D:5)
  3 adders
  A gnoll (D:3)
  An ooze (D:2)
  An adder zombie (D:6)
  A worm (D:6)
  4 orcs
  A giant cockroach (D:1)
  5 jackals
  A bat (D:2)
  2 frilled lizards
  A rat (D:3)
79 creatures vanquished.

Vanquished Creatures (others)
  11 knights
  10 fungi
  17 plants
38 creatures vanquished.

Grand Total: 409 creatures vanquished

Notes
Turn   | Place    | Note
-------+----------+-------------------------------------------
     0 | D:1      | Monsterracer the Octopode Monk began the quest for the Orb.
     0 | D:1      | Reached XP level 1. HP: 16/16 MP: 1/1
    75 | D:1      | Reached XP level 2. HP: 21/21 MP: 2/2
   326 | D:1      | Found a hazy altar of Hepliaklqana.
   388 | D:1      | Reached skill level 4 in Unarmed Combat
   391 | D:1      | Became a worshipper of Hepliaklqana the Forgotten
   391 | D:1      | Reached * piety under Hepliaklqana
   391 | D:1      | Reached ** piety under Hepliaklqana
   392 | D:1      | Remembered your ancestor Kammani as a knight
   637 | D:1      | Reached XP level 3. HP: 23/23 MP: 3/3
  1289 | D:2      | Reached XP level 4. HP: 22/27 MP: 4/4
  1548 | D:2      | Found a blossoming altar of Fedhas.
  1956 | D:2      | Noticed an oklob plant
  2191 | D:3      | Reached skill level 5 in Unarmed Combat
  2228 | D:3      | HP: 12/27 [orc priest/divine providence (15)]
  2261 | D:3      | HP: 13/27 [jackal (2)]
  2266 | D:3      | HP: 12/27 [jackal (2)]
  2509 | D:3      | Reached XP level 5. HP: 26/32 MP: 5/5
  2631 | D:3      | Reached skill level 6 in Unarmed Combat
  2685 | D:3      | Reached XP level 6. HP: 23/37 MP: 6/6
  3009 | D:3      | Reached *** piety under Hepliaklqana
  3545 | D:4      | Noticed Duvessa
  3547 | D:4      | Noticed Dowan
  3554 | D:4      | HP: 18/37 [Duvessa/short sword (8)]
  3561 | D:4      | HP: 4/37 [Duvessa/short sword (7)]
  3562 | D:4      | Killed Duvessa
  3562 | D:4      | Reached skill level 1 in Invocations
  3571 | D:4      | Killed Dowan
  3896 | D:4      | Found a burning altar of Makhleb.
  3903 | D:4      | Reached XP level 7. HP: 41/41 MP: 8/8
  3952 | D:4      | Found an opulent altar of Gozag.
  3999 | D:4      | Found an opulent altar of Gozag.
  4221 | D:4      | Reached skill level 7 in Unarmed Combat
  4355 | D:4      | Found Vewumme's Distillery.
  4358 | D:4      | Bought a potion of heal wounds for 70 gold pieces
  4358 | D:4      | Bought a potion of curing for 42 gold pieces
  4358 | D:4      | Bought a potion of lignification for 42 gold pieces
  4520 | D:4      | Found a staircase to the Ecumenical Temple.
  4560 | D:5      | Entered Level 5 of the Dungeon
  4791 | D:5      | HP: 19/43 [hound skeleton (4)]
  4800 | D:5      | Reached XP level 8. HP: 22/48 MP: 10/10
  4966 | D:5      | Found a hide-covered altar of Uskayaw.
  4968 | D:5      | Noticed a dagger
  4968 | D:5      | Noticed a dagger
  5264 | D:5      | Found a basalt altar of Yredelemnul.
  5288 | D:5      | Reached skill level 5 in Stealth
  5551 | D:5      | Reached **** piety under Hepliaklqana
  5943 | D:6      | Noticed Menkaure
  5955 | D:6      | Killed Menkaure
  5955 | D:6      | Reached skill level 1 in Shields
  5955 | D:6      | Reached skill level 8 in Unarmed Combat
  6172 | D:6      | HP: 23/48 [something/puff of flame (5)]
  6415 | D:6      | Noticed Blork the orc
  6423 | D:6      | Killed Blork the orc
  6471 | D:6      | Found a shattered altar of Ashenzari.
  6473 | D:6      | Found a hazy altar of Hepliaklqana.
  6473 | D:6      | Found an iron altar of Okawaru.
  6473 | D:6      | Found a sparkling altar of Nemelex Xobeh.
  6475 | D:6      | Found a shadowy altar of Dithmenos.
  6478 | D:6      | Found a white marble altar of Elyvilon.
  6484 | D:6      | HP: 22/48 [something (4)]
  6748 | D:6      | Reached XP level 9. HP: 54/54 MP: 12/12
  6989 | D:7      | Reached skill level 5 in Fighting
  7163 | D:7      | Reached skill level 5 in Dodging
  7330 | D:7      | Noticed a troll
  7489 | D:7      | Killed a troll
  7489 | D:7      | Reached skill level 1 in Evocations
  7725 | D:7      | Found a deep blue altar of Sif Muna.
  7785 | D:7      | Got a crude silver ring
  7859 | D:7      | Identified the ring of Eternal Night {rF+ Str+5 Int-4 Dex+8} (You took it off an orc on level 7 of the Dungeon)
  8258 | D:8      | Reached ***** piety under Hepliaklqana
  8283 | D:8      | You fall through a shaft for 2 floors!
  8283 | D:10     | Entered Level 10 of the Dungeon
  8336 | D:10     | Noticed a kobold demonologist
  8371 | D:10     | Killed a kobold demonologist
  8371 | D:10     | Reached skill level 9 in Unarmed Combat
  8421 | D:9      | Reached skill level 5 in Invocations
  8636 | D:8      | Reached XP level 10. HP: 58/61 MP: 9/13
  8712 | D:8      | Found a shattered altar of Ashenzari.
  8769 | D:8      | Noticed a two-headed ogre
  8780 | D:8      | HP: 26/61 [two-headed ogre/giant club (21)]
  8780 | D:8      | Killed a two-headed ogre
  9287 | D:8      | Reached skill level 10 in Unarmed Combat
  9943 | D:9      | Noticed a cyan ugly thing
  9959 | D:9      | HP: 30/62 [cyan ugly thing (10)]
 10016 | D:9      | HP: 24/62 [centaur/arrow (6)]
 10291 | D:9      | HP: 28/62 [warg (4)]
 10296 | D:9      | HP: 27/62 [warg (2)]
 10471 | D:9      | Found a staircase to the Orcish Mines.
 10656 | D:9      | Noticed a centaur warrior
 10656 | D:9      | Noticed a yaktaur captain
 10656 | D:9      | Noticed a cyclops
 10789 | D:10     | Noticed execc's ghost (novice OpBe)
 10822 | D:10     | Killed execc's ghost
 10822 | D:10     | Reached XP level 11. HP: 47/67 MP: 11/16
 11062 | D:10     | Noticed a two-headed ogre
 11072 | D:10     | Killed a two-headed ogre
 11072 | D:10     | Reached skill level 11 in Unarmed Combat
 11202 | D:10     | Learned a level 4 spell: Ice Form
 11232 | D:10     | HP: 32/67 [acid dragon (9)]
 11233 | D:10     | Noticed a death yak
 11233 | D:10     | HP: 11/67 [acid (13)]
 11253 | D:10     | HP: 23/67 [death yak (14)]
 11255 | D:10     | Killed a death yak
 11255 | D:10     | Reached skill level 1 in Transmutations
 11495 | D:10     | Noticed a death yak
 11526 | D:10     | Noticed a death yak
 11531 | D:10     | Noticed a death yak
 11532 | D:10     | Found a staircase to the Lair.
 11534 | D:10     | Noticed a death yak
 11558 | D:10     | Noticed a death yak
 11709 | D:10     | Noticed a two-headed ogre
 11726 | D:10     | Killed a two-headed ogre
 12066 | Lair:1   | Entered Level 1 of the Lair of Beasts
 12297 | Lair:1   | Noticed an eight-headed hydra
 12534 | Lair:1   | HP: 27/69 [/a scroll of torment (18)]
 12991 | Lair:2   | Reached skill level 12 in Unarmed Combat
 12999 | Lair:2   | Reached XP level 12. HP: 59/73 MP: 14/18
 13017 | Lair:2   | Noticed a five-headed hydra
 13047 | Lair:2   | HP: 36/74 [vampire mosquito (9)]
 13060 | Lair:1   | HP: 33/74 [vampire mosquito (6)]
 13292 | Lair:2   | Found a staircase to the Swamp.
 13378 | Lair:2   | Killed a five-headed hydra
 13720 | Lair:2   | Found a hole to the Spider Nest.
 13908 | Lair:2   | Killed an eight-headed hydra
 13908 | Lair:2   | Reached skill level 5 in Shields
 14316 | Swamp:1  | Entered Level 1 of the Swamp
 14606 | Lair:3   | Noticed Sonja
 14647 | Lair:3   | Killed Sonja
 14647 | Lair:3   | Reached skill level 5 in Evocations
 15100 | Lair:4   | Noticed a five-headed hydra
 15103 | Lair:4   | Noticed Snorg
 15106 | Lair:4   | HP: 34/75 [five-headed hydra (15)]
 15107 | Lair:4   | HP: 5/75 [five-headed hydra (15)]
 15109 | Lair:4   | Killed a five-headed hydra
 15489 | Lair:4   | Reached skill level 1 in Throwing
 15490 | Lair:4   | HP: 33/75 [spiny frog (8)]
 15491 | Lair:4   | HP: 6/75 [spiny frog (25)]
 15492 | Lair:4   | HP: 2/75 [poisoned by a spiny frog]
 15809 | Lair:4   | Reached skill level 10 in Invocations
 16121 | Lair:4   | Learned a level 6 spell: Deflect Missiles
 16122 | Lair:4   | HP: 26/75 [Snorg (13)]
 16163 | Lair:4   | Killed Snorg
 16929 | Lair:5   | Found a staircase to the Slime Pits.
 17052 | Lair:5   | Reached XP level 13. HP: 80/80 MP: 20/20
 17232 | Lair:5   | HP: 28/80 [blink frog (16)]
 17541 | Lair:5   | Reached skill level 10 in Stealth
 18248 | Lair:6   | Entered Level 6 of the Lair of Beasts
 18302 | Lair:6   | HP: 36/80 [elephant (13)]
 18304 | Lair:6   | Reached skill level 5 in Transmutations
 18315 | Lair:6   | HP: 35/80 [elephant (4)]
 18889 | Lair:6   | HP: 37/80 [acid (9)]
 19276 | Lair:6   | HP: 35/80 [spriggan rider/spear (23)]
 19278 | Lair:6   | HP: 16/80 [spriggan/dagger (11)]
 19278 | Lair:6   | HP: 4/80 [spriggan/short sword (12)]
 19283 | Lair:6   | HP: 15/80 [wolf (7)]
 19299 | Lair:6   | Slain by a crocodile

Skill      XL: |  1  2  3  4  5  6  7  8  9 10 11 12 13 |
---------------+----------------------------------------+-----
Unarmed Combat | 4 5 6 7 8 9 10 12 | 12.6
Stealth        | 3 4 5 8 10 | 10.1
Invocations    | 1 2 4 5 6 8 10 | 10.0
Fighting       | 4 5 7 8 |  8.7
Dodging        | 4 5 7 8 |  8.6
Shields        | 2 4 5 6 |  6.0
Evocations     | 3 5 |  5.4
Transmutations | 3 5 |  5.0
Throwing       | 1 2 |  2.7

Action                   |  1- 3 |  4- 6 |  7- 9 | 10-12 | 13-15 || total
-------------------------+-------+-------+-------+-------+-------++-------
Melee: Unarmed           |    73 |   133 |   206 |   287 |   102 ||   801
       Tentacles         |    13 |    27 |    42 |   103 |    36 ||   221
       Constrict         |    17 |    33 |    51 |    58 |    19 ||   178
       Punch             |     3 |     4 |    18 |    37 |    15 ||    77
 Fire: Blowgun           |       |       |       |     1 |     2 ||     3
Throw: Tomahawk          |       |       |       |     2 |       ||     2
Invok: Ancestor Life: Kn |     1 |       |       |       |       ||     1
       Recall Ancestor   |     1 |     2 |     2 |     1 |       ||     6
       Idealise          |       |       |       |     6 |     1 ||     7
       Transference      |       |       |       |     4 |       ||     4
Evoke: Wand              |       |       |     2 |     2 |       ||     4
  Use: Scroll            |     3 |     4 |     8 |    13 |     1 ||    29
       Potion            |       |       |       |     2 |     2 ||     4
 Stab: Sleeping          |    12 |     6 |    19 |    19 |     7 ||    63
       Distracted        |     1 |       |     1 |     6 |     1 ||     9
       Paralysed         |       |       |       |     1 |       ||     1
  Eat: Chunk             |     1 |     7 |    13 |    16 |     3 ||    40
       Ration            |       |       |     1 |     3 |     1 ||     5
Armor: Skin              |    10 |     8 |     7 |     6 |     3 ||    34
Dodge: Dodged            |    51 |    88 |    92 |   199 |    61 ||   491
Block: Buckler           |       |       |    25 |    57 |       ||    82
       Shield            |       |       |       |    21 |    54 ||    75

Vault maps used:
D:1:      dpeg_arrival_water_altar
D:2:      tgw_fedhas
D:3:      minivault_23, hex_large
D:4:      lemuel_crystal_altar, makhleb_blood_cavern_becter, temple_green,
          serial_shops, nicolae_shop_behind_doors,
          nicolae_gozag_cash_rules_everything_around_me, uniq_duvessa
D:5:      dancing_weapons_uskayaw, yredelemnul_altar_generic, first_ration
D:6:      minitemple, cheibrodos_sewer_entry_bend, uniq_blork_the_orc,
          uniq_menkaure
D:7:      marbit_many_paths, the_bakery, minmay_stone_trees_small
D:8:      basic_altar
D:9:      minmay_orc_entry_guard_dogs, serial_bayou_pond_e, wad_scary_box
D:10:     dpeg_lair_monsters
Lair:1:   nicolae_lair_grove_arrangements
Lair:2:   minmay_swamp_entry_swarm, spider_nest_entry_web_field, st_stairs_7
Lair:3:   serial_bayou_shore_b, uniq_sonja
Lair:4:   uniq_snorg
Lair:5:   minmay_slime_entry_pillars, grunt_megastairs_5
Lair:6:   minmay_lair_end_enchanted_forest, wad_woods_river_01,
          minmay_lair_oklob_chamber
Swamp:1:  hangedman_swamp_ruin_hall, infiniplex_staircase_pool
